 Dungeon Crawl Stone Soup version 0.30-a0-772-g5528072125 (webtiles) character file.

Game seed: 17129800125383002297

737 tio the Grave Robber (level 8, 0/53 HPs)
             Began as a Human Necromancer on Feb 12, 2023.
             Killed by an exploding butterfly (36 damage)
             ... ignited by their inner flame
             ... on level 4 of the Dungeon.
             The game lasted 00:18:28 (4252 turns).

tio the Grave Robber (Human Necromancer)            Turns: 4252, Time: 00:18:29

Health: 0/53       AC:  9    Str: 10    XL:     8   Next: 4%
Magic:  15/15      EV: 17    Int: 17    God:
Gold:   168        SH:  0    Dex: 13    Spells: 16/17 levels left

rFire   . . .      SeeInvis .    i - +6 spear of Toraolam {chaos, *Rage rElec rPois rN+}
rCold   . . .      Faith    .    (no shield)
rNeg    + . .      Spirit   .    a - +0 robe
rPois   +          Reflect  .    (no helmet)
rElec   +          Harm     .    w - +0 cloak
rCorr   .          Rampage  .    y - +1 pair of gloves {Stlth+}
Will    .....      Rage     20%  (no boots)
Stlth   +++                      (no amulet)
HPRegen 0.28/turn                d - +4 ring of protection
MPRegen 0.14/turn                v - +5 ring of evasion

@: flying
A: no striking features
a: no special abilities


You were on level 4 of the Dungeon.
You visited 1 branch of the dungeon, and saw 4 of its levels.

You collected 213 gold pieces.
You spent 45 gold pieces at shops.

Inventory:

Hand Weapons
 i - the +6 spear of Toraolam (weapon) {chaos, *Rage rElec rPois rN+}
   (You found it on level 2 of the Dungeon)

   rElec:     It insulates you from electricity.
   rPois:     It protects you from poison.
   rN:        It protects you from negative energy.
   *Rage:     It berserks you when you make melee attacks (+20% chance).
 q - a +2 vampiric dagger
Armour
 a - a +0 robe (worn)
 w - a +0 cloak (worn)
 y - a +1 pair of gloves of stealth (worn)
Jewellery
 d - a +4 ring of protection (left hand)
 e - a ring of protection from fire
 v - a +5 ring of evasion (right hand)
Wands
 p - a wand of polymorph (6)
Scrolls
 m - a scroll of teleportation
Potions
 b - 2 potions of magic
 c - 3 potions of curing
 g - 2 potions of might
 h - a potion of lignification
 k - a potion of brilliance
 l - a potion of resistance {unknown}
 n - a potion of attraction
 o - a potion of degeneration {unknown}


   Skills:
 + Level 0.5 Fighting
 + Level 1.3 Polearms
 + Level 2.1 Dodging
 + Level 2.3 Stealth
 + Level 0.7 Unarmed Combat
 + Level 5.0 Spellcasting
 + Level 7.1 Necromancy


You had 16 spell levels left.
You knew the following spells:

 Your Spells              Type           Power      Damage    Failure   Level
a - Necrotise             Necr           100%       1d9       1%          1

Your spell library contained the following spells:

 Spells                   Type           Power      Damage    Failure   Level
 Vampiric Draining        Necr           28%        2d8       2%          3
 Animate Dead             Necr           28%        N/A       8%          4
 Agony                    Necr           28%        N/A       22%         5
 Call Canine Familiar     Summ           4%         N/A       38%         3
 Portal Projectile        Hex/Tloc       8%         N/A       38%         3
 Leda's Liquefaction      Hex/Erth       2%         N/A       80%         4
 Manifold Assault         Tloc           4%         N/A       80%         4
 Dispersal                Tloc           2%         N/A       100%        6
 Disjunction              Tloc           2%         N/A       100%        8


Dungeon Overview and Level Annotations

Branches:
Dungeon (4/15)
 Temple: D:4-7

Altars:
Nemelex Xobeh

Shops:
D:4 [


Message History

Your butterfly is poisoned.
You kill your butterfly!
Your butterfly disappears in a burst of colours!
Your butterfly is poisoned.
Your butterfly is engulfed in poison gas.
Your butterfly is poisoned.
You kill your butterfly!
Your butterfly disappears in a burst of colours!
Your butterfly is engulfed in poison gas.
Your butterfly is poisoned.
You kill your butterfly!
Your butterfly disappears in a burst of colours!
Your butterfly is engulfed in poison gas.
Your butterfly is poisoned.
You kill your butterfly!
Your butterfly disappears in a burst of colours!
Your butterfly is engulfed in poison gas.
Your butterfly looks even sicker.
You kill your butterfly!
Your butterfly disappears in a burst of colours!
As you read the scroll labelled SAQIOL SAIRO, it crumbles to dust.
The creatures around you are filled with an inner flame!
It was a scroll of immolation.
Your butterfly disappears in a burst of colours!
Your butterfly explodes!
The fiery explosion engulfs your butterfly!!
Your butterfly disappears in a burst of colours!
Your butterfly explodes!
The fiery explosion engulfs your butterfly!!
Your butterfly disappears in a burst of colours!
Your butterfly explodes!
The fiery explosion engulfs you!
The fiery explosion engulfs your butterfly!!
Your butterfly disappears in a burst of colours!
The fiery explosion engulfs your butterfly!!
Your butterfly disappears in a burst of colours!
Your butterfly explodes!
The fiery explosion engulfs you!!!
Ouch! That really hurt!
You die...

#.# #............#
#.###§§§§§§§§§§§§#
######...§§§§§§§§§§§§§#
.......###§§§.§§§§§§§§#
.........§§§§§.§§§.§§§#
.........§§§§≈§§§§§..§#
.........§§§.≈§§§§§§§§#
#........§§§§§≈§§§§§#§#
#........§§§§≈bb@§§§§§#
#........§§§§§≈≈§bb§#§#
#........§§§§§≈§§≈≈§§§#
#........§§§§§..§..§###
#........§§§§§#######
#........§§§.§#
#######'#######
#......# #.######


There were no monsters in sight!

Vanquished Creatures
  Grinder (D:3)
  Sigmund (D:2)
  A scorpion (D:4)
  A hound (D:4)
  An iguana (D:4)
  4 orc wizards
  6 adders
  A worm (D:3)
  3 dart slugs
  6 orcs
  10 endoplasms
  6 giant cockroaches
  6 goblins
  10 hobgoblins
  3 jackals (D:3)
  2 quokkas
  5 ball pythons
  7 bats
  3 frilled lizards
  3 kobolds
  2 rats
82 creatures vanquished.

Vanquished Creatures (collateral kills)
  A ball python (D:1)
  A jackal (D:3)
  A frilled lizard (D:3)
3 creatures vanquished.

Grand Total: 85 creatures vanquished

Notes
Turn   | Place    | Note
-------+----------+-------------------------------------------
     0 | D:1      | tio the Human Necromancer began the quest for the Orb.
     0 | D:1      | Reached XP level 1. HP: 13/13 MP: 3/3
   251 | D:1      | Reached XP level 2. HP: 19/19 MP: 1/5
   405 | D:1      | Found a faded altar of an unknown god.
   783 | D:1      | Reached XP level 3. HP: 24/24 MP: 3/6
  1171 | D:2      | Identified the +6 spear of Toraolam {chaos, *Rage rElec
                  | rPois rN+}
  1696 | D:2      | Reached XP level 4. HP: 30/30 MP: 5/8
  1956 | D:2      | Noticed Sigmund
  1968 | D:2      | Killed Sigmund
  1969 | D:2      | Reached skill level 5 in Necromancy
  1969 | D:2      | Reached XP level 5. HP: 26/36 MP: 6/10
  1969 | D:2      | Reached XP level 6. HP: 30/42 MP: 6/11
  2424 | D:3      | Noticed Grinder
  2446 | D:3      | Killed Grinder
  2447 | D:3      | Reached skill level 1 in Polearms
  2447 | D:3      | Reached skill level 6 in Necromancy
  2447 | D:3      | Reached XP level 7. HP: 36/47 MP: 4/13
  3129 | D:4      | Found a sparkling altar of Nemelex Xobeh.
  3141 | D:4      | Reached skill level 5 in Spellcasting
  3349 | D:4      | Found Xasextac's Armour Boutique.
  3359 | D:4      | Bought a +0 cloak for 45 gold pieces
  3883 | D:4      | Reached skill level 7 in Necromancy
  3883 | D:4      | Reached XP level 8. HP: 53/53 MP: 9/15
  4252 | D:4      | Killed by an exploding butterfly... ignited by their inner
                  | flame

Illustrated notes

Levels and vault maps discovered:
D:1:      beargit_arrival_diablo_church, layout_loops_ring,
          chequers_ecumenical_altar_simple_redux, kennysheep_pointless_box
D:2:      layout_basic, minmay_goblin_kobold_house, uniq_sigmund
D:3:      layout_rooms, uniq_grinder
D:4:      layout_basic, general_overflow_altar, serial_shops,
          nicolae_shop_statue_plus

Skill      XL: |  1  2  3  4  5  6  7 |
---------------+----------------------+-----
Spellcasting   | 3 4 5 |  5.0
Necromancy     | 5 6 7 |  7.1
Polearms       | 1 |  1.3
Fighting       | |  0.5
Dodging        | |  2.1
Stealth        | |  2.3
Unarmed Combat | |  0.7

Action                     |  1- 3 |  4- 6 |  7- 9 || total
---------------------------+-------+-------+-------++-------
  Melee: Spear             |     2 |     9 |     2 ||    13
         Unarmed           |       |     6 |       ||     6
   Cast: Necrotise         |    61 |    38 |    80 ||   179
    Use: Scroll            |     2 |       |    11 ||    13
         Potion            |       |       |     1 ||     1
   Stab: Paralysed         |       |     1 |       ||     1
 Armour: Robe              |     5 |     2 |     3 ||    10
         Skin              |       |     1 |       ||     1
  Dodge: Dodged            |     4 |     6 |     8 ||    18

Table legend: (Time is in decaauts)
 A = Elapsed time spent in this place.
 B = Non-inter-level travel time spent in this place.
 C = Inter-level travel time spent in this place.
 D = Time resting spent in this place.
 E = Time spent auto-exploring this place.
 F = Levels seen in this place.
 G = Mean time per level.
                   A        B        C        D        E       F      G
               +--------+--------+--------+--------+--------+-----+--------+
         Total |   4275 |   4061 |    214 |      0 |   3532 |   4 | 1068.8 |
       Dungeon |   4275 |   4061 |    214 |      0 |   3532 |   4 | 1068.8 |
               +--------+--------+--------+--------+--------+-----+--------+

Top non-repeatable levels by time:
     D:2: 1215 daAuts
     D:1: 1161 daAuts
     D:4: 1140 daAuts
     D:3: 758 daAuts
